Map: Proxima Station LE

Players

Minato - Winner!

  • Race: Zerg Zerg
  • Spawn Location: 7:00

MythiC

  • Race: Terran Terran
  • Spawn Location: 1:00

Event: WCS Valencia 2017

VOD

Have the link to the VOD?

Description

Time

  • Played on: July 13, 2017, 8:18 a.m.
  • Length: 13:14

All games in this series

Show
View Real Time Build Order
Export as new Build Order

Minato Zerg - Winner!

Build Orders: Hatch First 

Get SALT Encoding   

  12  0:01  Drone  
  13  0:13  Overlord  
  13  0:17  Drone  
  14  0:31  Drone x2  
  14  0:35  Drone  
  17  0:55  Hatchery, Drone  
  17  0:58  Drone  
  18  1:09  Extractor  
  17  1:14  Spawning Pool  
  17  1:16  Drone  
  17  1:19  Drone  
  18  1:28  Drone  
  19  1:40  Overlord  
  19  2:01  Queen, Zergling x4  
  21  2:06  Queen  
  21  2:07  Zergling x2  
  26  2:15  Metabolic Boost  
  26  2:16  Drone  
  26  2:17  Drone  
  28  2:23  Drone  
  29  2:31  Drone  
  29  2:32  Drone  
  31  2:39  Spore Crawler  
  31  2:40  Queen  
  33  2:48  Hatchery  
  32  2:54  Overlord  
  32  2:55  Drone  
  32  2:58  Drone  
  34  3:06  Drone x2  
  36  3:13  Drone  
  36  3:14  Drone x2  
  36  3:19  Drone x4  
  43  3:20  Drone  
  43  3:24  Overlord  
  44  3:30  Overlord  
  44  3:41  Queen  
  44  3:43  Queen  
  48  3:51  Drone x6  
  48  3:52  Drone  
  48  3:53  Drone  
  56  3:56  Drone  
  56  4:02  Queen  
  59  4:06  Extractor  
  59  4:09  Evolution Chamber  
  57  4:10  Evolution Chamber  
  57  4:11  Spore Crawler, Drone  
  57  4:13  Spore Crawler  
  55  4:18  Spore Crawler, Drone  
  55  4:23  Queen  
  57  4:25  Drone x2  
  59  4:38  Drone x9  
  59  4:42  Zerg Melee Weapons Level 1  
  59  4:44  Overlord  
  66  4:46  Overlord  
  66  4:54  Zerg Ground Armor Level 1  
  66  4:56  Overlord  
  66  5:02  Overlord x2  
  66  5:04  Queen  
  68  5:14  Zergling x16  
  70  5:20  Drone x4  
  80  5:28  Lair  
  80  5:31  Baneling Nest  
  80  5:32  Zergling x12  
  80  5:33  Zergling x2  
  86  5:42  Extractor x2  
  84  5:43  Extractor  
  83  5:52  Extractor  
  83  5:53  Drone x2  
  76  6:05  Zergling x14  
  70  6:17  Drone x2  
  70  6:18  Drone x3  
  75  6:22  Zergling x12  
  81  6:29  Hydralisk Den  
  81  6:30  Hatchery  
  79  6:37  Centrifical Hooks, Overlord x2  
  79  6:40  Zerg Melee Weapons Level 2  
  79  6:41  Drone x2  
  79  6:42  Drone x2  
  83  6:50  Hatchery  
  83  6:54  Drone x5  
  84  6:55  Infestation Pit  
  83  7:09  Hydralisk x4  
  83  7:15  Hydralisk x3  
  93  7:16  Zergling x6  
  100  7:24  Drone x2  
  100  7:25  Drone x2  
  100  7:26  Drone  
  100  7:28  Drone x2  
  107  7:37  Drone x2  
  107  7:42  Hive, Muscular Augments  
  107  7:44  Drone x5  
  114  7:48  Drone x3  
  114  7:50  Drone  
  118  7:53  Drone x2  
  120  8:00  Extractor, Queen  
  120  8:01  Extractor  
  120  8:02  Overlord x2  
  120  8:04  Baneling x6  
  120  8:05  Baneling  
  120  8:06  Baneling x2  
  120  8:09  Baneling x6  
  120  8:10  Baneling  
  120  8:30  Hydralisk x5, Zergling x2  
  120  8:31  Zergling x12  
  137  8:38  Hydralisk  
  137  8:39  Zergling x8  
  140  8:43  Hydralisk x2, Zergling x2  
  140  8:44  Zergling x2  
  141  8:50  Overseer  
  141  8:56  Overlord x4  
  141  8:57  Ultralisk Cavern, Overlord x2  
  140  9:03  Zerg Melee Weapons Level 3  
  140  9:16  Hydralisk x5, Zergling x4  
  140  9:17  Zergling x6  
  152  9:20  Hydralisk  
  152  9:21  Zergling x2  
  152  9:22  Zergling x2  
  159  9:25  Hydralisk, Zergling x4  
  162  9:46  Chitinous Plating  
  162  9:48  Ultralisk x2, Zergling x4  
  162  9:49  Zergling x24  
  162  9:50  Overlord  
  188  9:52  Overlord  
  188  10:00  Overlord x2  
  188  10:01  Zerg Ground Armor Level 2  
  188  10:05  Baneling  
  188  10:06  Baneling x3  
  188  10:15  Zergling x4  
  188  10:16  Zergling x6  
  187  10:25  Ultralisk x2  
  194  10:58  Zergling x6  
  197  11:10  Zergling x6  
  182  11:24  Ultralisk x4, Zergling x8  
  182  11:25  Ultralisk, Zergling x8  
  180  11:26  Zergling x14  
  180  11:27  Zergling x14  
  180  11:28  Zergling x16  
  176  11:46  Ultralisk x2, Zergling x4  
  171  11:54  Zergling x12  
  171  11:56  Zergling x2  
  171  11:59  Zergling x4  
  178  12:02  Zergling x4  
  176  12:14  Ultralisk, Zergling x2  
  176  12:15  Zergling x2  
  162  12:36  Baneling  
  162  12:37  Baneling x14  
  156  12:39  Zergling x2  
  156  12:42  Hatchery  
  156  12:43  Zergling x4  
  152  12:55  Baneling  
  152  12:56  Baneling x14  
Show
View Real Time Build Order
Export as new Build Order

MythiC Terran 

Build Orders: MMM Bio 

Get SALT Encoding   

  12  0:00  SCV  
  13  0:12  SCV  
  14  0:18  Supply Depot  
  14  0:24  SCV  
  15  0:30  Refinery  
  15  0:40  SCV  
  16  0:45  Barracks  
  16  0:52  SCV  
  17  1:04  SCV  
  18  1:16  SCV  
  19  1:32  Orbital Command, Reaper  
  20  1:44  Command Center  
  20  1:54  Factory  
  20  1:58  SCV  
  21  2:04  Refinery  
  21  2:07  Barracks Reactor  
  21  2:11  SCV  
  22  2:17  Supply Depot  
  22  2:23  SCV  
  23  2:38  SCV  
  23  2:43  Hellion  
  26  2:44  Starport  
  26  2:45  Marine x2  
  26  2:51  SCV  
  29  2:58  Orbital Command  
  29  3:03  SCV  
  30  3:06  Widow Mine  
  30  3:10  Marine  
  30  3:11  Marine  
  34  3:15  SCV  
  35  3:21  Medivac  
  35  3:26  SCV  
  38  3:27  SCV  
  38  3:29  Marine, Supply Depot  
  40  3:37  Factory Tech Lab  
  40  3:39  SCV x2  
  42  3:46  Marine  
  42  3:47  Marine  
  44  3:51  SCV x2  
  44  3:52  Medivac  
  44  3:54  Supply Depot  
  48  4:01  Siege Tank  
  51  4:03  SCV  
  51  4:06  SCV  
  51  4:08  Marine, Supply Depot  
  54  4:15  Marine, SCV  
  54  4:16  Supply Depot  
  56  4:18  SCV  
  57  4:26  Medivac  
  57  4:27  SCV  
  57  4:29  Marine  
  57  4:30  SCV  
  62  4:33  Marine  
  62  4:38  Siege Tank  
  66  4:39  SCV  
  67  4:46  Marine  
  66  4:53  SCV, Command Center  
  66  4:55  SCV  
  66  4:56  Refinery  
  69  5:03  Refinery, Supply Depot  
  69  5:05  Liberator, SCV  
  71  5:07  SCV  
  70  5:17  SCV  
  70  5:18  Marine, Engineering Bay x2  
  70  5:19  Stimpack, SCV  
  70  5:20  Factory Reactor  
  76  5:29  SCV  
  76  5:31  SCV  
  76  5:33  Barracks  
  78  5:35  Barracks  
  78  5:37  Marine  
  78  5:41  SCV  
  80  5:43  SCV  
  80  5:45  Terran Infantry Armor Level 1, Terran Infantry Weapons Level 1  
  81  5:53  SCV  
  81  5:55  Marine  
  79  6:10  Orbital Command  
  79  6:11  Starport Reactor  
  69  6:12  SCV  
  69  6:13  Marine  
  67  6:20  Supply Depot  
  67  6:21  Factory Reactor  
  67  6:23  Supply Depot  
  67  6:25  Supply Depot  
  67  6:26  Barracks, Supply Depot  
  67  6:27  Barracks  
  67  6:28  Marine x4  
  67  6:31  Marine  
  66  6:33  Armory  
  66  6:35  Orbital Command  
  66  6:41  SCV x2  
  68  6:47  Marine x4  
  68  6:48  Medivac x2  
  68  6:49  Marine  
  68  6:53  SCV x2  
  79  6:58  Widow Mine  
  81  7:02  SCV  
  81  7:05  Marine x2, SCV x2  
  81  7:06  Marine x2, Supply Depot  
  88  7:11  Marine  
  88  7:13  Barracks Reactor x2  
  89  7:17  Factory  
  89  7:18  SCV x2  
  89  7:19  SCV  
  92  7:23  Marine  
  92  7:25  Marine x3  
  92  7:27  Medivac  
  92  7:29  Marine, Medivac  
  100  7:30  SCV x2  
  100  7:31  SCV  
  99  7:37  Refinery  
  99  7:40  Marine  
  99  7:42  SCV, Marine, Terran Infantry Weapons Level 2  
  106  7:48  Marine x3  
  109  7:52  Marine x4  
  109  7:58  SCV x2, Marine  
  115  7:59  Barracks  
  115  8:00  Marine, Barracks  
  115  8:02  Factory Tech Lab  
  113  8:06  Marine  
  113  8:08  Barracks  
  114  8:13  Marine x3, Factory Tech Lab  
  114  8:14  Marine x3  
  114  8:16  Marine, Medivac x2  
  125  8:21  Terran Infantry Armor Level 2, Supply Depot x2  
  125  8:22  Terran Vehicle Weapons Level 1  
  125  8:25  Supply Depot  
  125  8:31  Marine x4, Supply Depot x2  
  125  8:32  Marine, Supply Depot  
  125  8:33  Combat Shields, Supply Depot  
  130  8:36  Siege Tank  
  130  8:38  SCV  
  134  8:43  Marine x2  
  134  8:47  Marine x2  
  136  8:49  Barracks Tech Lab x2  
  134  8:59  Siege Tank, Marine x2  
  134  9:00  Medivac x2  
  143  9:03  Marine x3  
  143  9:04  Supply Depot  
  143  9:05  Marauder, Marine  
  143  9:06  Marine  
  130  9:10  Siege Tank, Marine  
  130  9:11  Marine  
  130  9:12  Marauder  
  130  9:16  Marine  
  130  9:17  Marine  
  138  9:21  Marine  
  140  9:26  Marine x2  
  140  9:27  Marauder  
  143  9:32  Siege Tank  
  143  9:34  Marauder, Marine x3  
  143  9:37  Marine x2  
  143  9:38  Marauder, Marine  
  152  9:43  Siege Tank, Liberator x2  
  152  9:44  Marine  
  156  9:49  Marine  
  156  9:50  Marauder  
  156  9:51  Marine, Concussive Shells  
  156  9:52  Marine x2  
  163  9:55  Marauder  
  163  9:56  Command Center  
  163  9:58  Marine x3  
  173  10:09  Marine x3  
  173  10:10  Marine x2  
  173  10:11  Marine  
  173  10:12  Marauder  
  181  10:17  Marauder  
  181  10:19  Marine x2  
  181  10:20  Terran Infantry Weapons Level 3  
  185  10:22  Marine  
  185  10:27  Marauder, Marine x2  
  190  10:33  Marauder  
  190  10:34  Marine  
  193  10:36  Marine x2  
  193  10:38  Marauder  
  197  10:42  Marine  
  197  10:45  Marine x2  
  198  10:59  Marauder  
  192  11:08  SCV x3  
  166  11:12  Marauder, Marine x4  
  166  11:16  Marine x3  
  174  11:22  Marauder, Marine  
  174  11:25  Marauder  
  158  11:29  Marine x2  
  158  11:30  Marine  
  160  11:33  Marauder  
  153  11:40  Marine  
  153  11:43  Marine x2  
  153  11:46  Marauder  
  139  11:55  Marauder, Marine  
  139  11:59  Marine x2  
  144  12:06  Marine  
  144  12:08  Marauder, Marine  
  136  12:13  Marine  
  123  12:17  Marauder  
  123  12:20  Medivac x2  
  116  12:29  Marauder, Marine x3  
  117  12:30  Barracks Tech Lab  
  115  12:38  Marauder  
  113  12:50  SCV x2  
  113  12:51  Marauder  
  114  12:52  Marauder, Marine  
Tags
 
Add a new tag
Caveats
  • Supply blocks, unpowered buildings, or Contaminate may cause inaccurate times.
  • Supply counts are checked every 10 seconds.